Map: [ESL] Hardwire

Players

Solar

  • Race: Zerg Zerg

Spirit - Winner!

  • Race: Terran Terran

Event: IEM Katowice 2022

VOD

Have the link to the VOD?

Description

Time

  • Played on: Feb. 24, 2022, 5:19 a.m.
  • Length: 26:48

All games in this series

Show
View Real Time Build Order
Export as new Build Order

Solar Zerg 

Build Orders: Hatch First 

Get SALT Encoding   

  12  0:00  Drone  
  13  0:12  Overlord  
  13  0:17  Drone  
  14  0:31  Drone x2  
  16  0:47  Hatchery  
  15  0:51  Drone  
  15  0:53  Drone  
  15  0:57  Drone  
  18  1:08  Extractor  
  17  1:13  Spawning Pool  
  17  1:15  Drone  
  18  1:18  Drone  
  18  1:27  Drone  
  19  1:38  Drone  
  20  1:49  Drone  
  21  2:00  Queen x2  
  21  2:01  Zergling x4  
  27  2:12  Metabolic Boost  
  27  2:16  Overlord  
  27  2:18  Drone  
  28  2:27  Hatchery  
  28  2:29  Drone  
  28  2:34  Drone x2  
  28  2:36  Drone  
  30  2:44  Queen  
  30  2:47  Overlord  
  30  2:51  Drone  
  33  2:54  Drone  
  33  2:55  Drone  
  35  3:06  Drone x2  
  35  3:09  Drone x3  
  35  3:12  Queen  
  42  3:16  Overlord  
  42  3:17  Drone  
  43  3:24  Overlord  
  43  3:35  Zergling x4  
  43  3:38  Queen  
  47  3:41  Drone  
  47  3:42  Drone x4  
  47  3:48  Queen  
  54  3:51  Overlord  
  54  3:52  Zergling x2  
  54  3:54  Drone x3  
  54  3:55  Drone  
  59  4:01  Zergling x4  
  61  4:03  Overlord  
  61  4:10  Drone  
  61  4:11  Drone  
  61  4:14  Drone  
  64  4:20  Overlord  
  64  4:21  Queen  
  64  4:23  Drone x4  
  70  4:24  Extractor  
  70  4:25  Drone x2  
  70  4:26  Drone  
  70  4:29  Drone  
  73  4:33  Lair  
  73  4:35  Drone  
  73  4:38  Queen  
  76  4:40  Extractor  
  76  4:41  Drone x2, Baneling Nest  
  76  4:45  Drone  
  77  4:47  Drone, Overlord  
  77  4:52  Spore Crawler, Zergling x4  
  79  4:53  Spore Crawler, Drone  
  79  4:56  Drone x2  
  79  4:57  Drone  
  82  5:00  Overlord  
  82  5:02  Spore Crawler, Drone  
  82  5:04  Overlord  
  82  5:05  Overlord  
  82  5:06  Drone  
  83  5:07  Drone  
  83  5:09  Drone  
  83  5:10  Drone  
  83  5:11  Drone  
  87  5:17  Drone, Evolution Chamber  
  87  5:18  Drone, Evolution Chamber  
  87  5:19  Drone  
  87  5:20  Extractor  
  87  5:21  Extractor  
  86  5:29  Drone  
  86  5:30  Drone x2  
  86  5:31  Drone x2  
  86  5:32  Overseer  
  86  5:33  Centrifugal Hooks  
  91  5:40  Zergling x2  
  91  5:42  Hatchery, Zergling x8  
  95  5:46  Zerg Ground Armor Level 1  
  95  5:47  Zerg Melee Weapons Level 1  
  95  5:48  Zergling x4  
  97  5:51  Zergling x6  
  97  5:55  Drone x2  
  102  6:00  Overlord x2  
  102  6:01  Zergling x2  
  102  6:02  Baneling  
  102  6:03  Baneling x7  
  102  6:04  Baneling  
  103  6:06  Baneling  
  103  6:07  Zergling x4  
  103  6:08  Zergling x2  
  103  6:11  Drone x2  
  107  6:13  Zergling x2  
  107  6:14  Baneling x2  
  107  6:16  Overseer  
  108  6:18  Overlord  
  108  6:20  Zergling x4  
  108  6:25  Drone  
  111  6:26  Drone  
  111  6:27  Drone  
  113  6:36  Zergling x2  
  113  6:37  Drone  
  113  6:39  Drone  
  116  6:40  Zergling x16  
  116  6:46  Baneling x2  
  124  6:48  Drone  
  121  6:54  Hatchery  
  121  6:55  Zergling x2  
  121  6:56  Zergling x4  
  121  7:00  Queen  
  111  7:01  Zergling x2  
  111  7:02  Zergling x4  
  111  7:03  Baneling x7  
  111  7:06  Zergling x2  
  115  7:11  Zergling x4  
  115  7:12  Pneumatized Carapace  
  115  7:13  Overlord  
  116  7:18  Zergling x8  
  116  7:21  Drone  
  121  7:24  Drone  
  121  7:26  Drone  
  121  7:27  Drone  
  121  7:28  Hydralisk Den  
  121  7:29  Baneling x4  
  123  7:31  Zergling x2  
  123  7:32  Zergling x6  
  126  7:37  Zergling x14  
  126  7:40  Zergling x2  
  126  7:42  Zerg Ground Armor Level 2, Zerg Melee Weapons Level 2  
  126  7:44  Drone x2, Zergling x2  
  135  7:45  Zergling x2  
  135  7:46  Zergling x2  
  135  7:51  Drone  
  138  7:52  Zergling x4  
  138  7:56  Drone  
  138  7:57  Infestation Pit  
  140  8:01  Baneling x4  
  140  8:03  Overlord  
  140  8:04  Zergling x4  
  142  8:08  Zergling x14  
  142  8:12  Zergling x4  
  143  8:14  Drone  
  143  8:17  Grooved Spines  
  144  8:21  Hydralisk x6  
  144  8:24  Overlord  
  144  8:26  Overlord  
  155  8:27  Overlord  
  155  8:34  Zergling x16  
  155  8:35  Overlord  
  155  8:38  Drone x2  
  155  8:40  Hive  
  156  8:41  Drone  
  156  8:46  Drone  
  156  8:47  Drone x3  
  156  8:48  Drone  
  153  8:49  Drone x2  
  153  8:50  Drone  
  155  8:55  Drone  
  155  8:58  Drone  
  155  8:59  Baneling x2  
  155  9:00  Hydralisk x3  
  161  9:07  Zergling x8  
  161  9:08  Zergling x6  
  161  9:09  Extractor  
  167  9:11  Zergling x6  
  167  9:12  Spore Crawler  
  167  9:14  Lurker Den  
  167  9:16  Spore Crawler  
  167  9:17  Overlord  
  167  9:19  Drone  
  167  9:21  Drone x2  
  167  9:23  Burrow  
  167  9:24  Drone x2  
  172  9:27  Zergling x6  
  172  9:28  Baneling x6, Muscular Augments  
  172  9:29  Baneling  
  172  9:30  Zergling x2  
  176  9:32  Hatchery  
  176  9:34  Zergling x8  
  176  9:35  Overlord  
  176  9:37  Zergling x4  
  181  9:38  Hatchery, Baneling x6  
  181  9:41  Extractor  
  176  9:46  Drone x3  
  176  9:48  Drone x2  
  176  9:52  Drone x2  
  183  9:53  Adrenal Glands  
  183  9:54  Overlord  
  183  9:56  Viper  
  183  9:57  Zergling x2  
  183  9:58  Zergling x6  
  190  10:02  Overlord  
  190  10:07  Viper  
  190  10:08  Zerg Missile Weapons Level 1  
  190  10:10  Zergling x10  
  190  10:12  Overlord  
  190  10:13  Drone x2  
  200  10:20  Baneling x10  
  198  10:30  Drone x2, Seismic Spines  
  198  10:33  Baneling x4  
  198  10:34  Drone  
  200  10:41  Zergling x22  
  200  10:42  Zergling x4  
  195  10:44  Zergling x12  
  195  10:50  Zergling x10  
  195  10:53  Baneling x4  
  199  11:07  Baneling x5  
  199  11:11  Zerg Ground Armor Level 3  
  199  11:12  Hatchery  
  199  11:13  Drone x2  
  199  11:15  Drone  
  183  11:21  Zergling x12  
  183  11:22  Zergling x34  
  183  11:25  Zergling x6  
  197  11:27  Adaptive Talons  
  197  11:29  Baneling x10, Zergling x2  
  197  11:30  Zergling x4  
  200  11:36  Overlord x2  
  200  11:43  Baneling x5  
  200  11:49  Spore Crawler, Baneling x3  
  200  11:50  Overseer x4  
  200  11:52  Drone  
  200  11:58  Nydus Network  
  200  12:01  Drone  
  199  12:08  Drone x5  
  194  12:10  Drone x3  
  194  12:11  Zergling x8  
  194  12:12  Zergling x10  
  194  12:15  Drone x2  
  199  12:20  Zergling x10  
  200  12:23  Hatchery  
  200  12:28  Zergling x6  
  198  12:31  Zergling x2  
  199  12:48  Zergling x10  
  199  12:53  Zerg Melee Weapons Level 3  
  199  13:00  Baneling  
  199  13:01  Baneling, Zergling x2  
  199  13:04  Spore Crawler, Drone x2  
  200  13:08  Baneling  
  200  13:09  Baneling x10  
  200  13:10  Baneling x7  
  199  13:15  Zergling x2  
  200  13:33  Drone x2  
  200  13:34  Drone x2  
  200  13:36  Zergling x4  
  200  13:37  Zergling x2  
  200  13:42  Zergling x2  
  200  13:47  Zergling x2  
  200  13:48  Zerg Missile Weapons Level 2  
  199  13:50  Spore Crawler, Drone  
  199  14:05  Hatchery  
  199  14:06  Drone x2  
  199  14:08  Drone x2  
  199  14:09  Drone x5  
  200  14:13  Drone  
  199  14:17  Zergling x8  
  199  14:19  Drone  
  199  14:23  Zergling x2  
  197  14:29  Zergling x8  
  197  14:30  Zergling x18  
  178  14:34  Hydralisk x2  
  162  14:39  Zergling x4  
  162  14:44  Zergling x6  
  154  14:46  Zergling x12  
  154  14:51  Drone x4  
  160  14:53  Baneling x2  
  160  14:54  Baneling x4  
  160  14:55  Zergling x10  
  160  14:59  Zergling x18  
  173  15:06  Zergling x8  
  176  15:08  Zergling x6  
  176  15:12  Zergling x4  
  180  15:23  Zergling x16  
  180  15:26  Zergling x6  
  184  15:30  Zergling x20  
  184  15:35  Zergling x6  
  194  15:36  Hydralisk  
  194  15:42  Drone x4  
  187  15:45  Overseer x3, Baneling x21  
  187  15:47  Hydralisk x3  
  187  15:49  Baneling x7  
  190  15:53  Zergling x2  
  190  15:54  Zergling x8  
  190  15:56  Hydralisk x2  
  199  16:05  Spire  
  199  16:06  Pathogen Glands, Spire  
  199  16:07  Drone x2  
  199  16:08  Extractor x2  
  199  16:09  Drone  
  199  16:10  Drone  
  199  16:17  Zergling x2  
  199  16:18  Zergling x30  
  199  16:23  Zergling x12  
  175  16:26  Zergling x18  
  175  16:29  Nydus Canal  
  175  16:30  Zergling x10  
  175  16:31  Zergling x2  
  190  16:36  Zergling x10  
  195  16:40  Zergling x6  
  195  16:43  Zergling x2  
  195  16:46  Extractor  
  198  16:48  Zergling x2  
  198  16:52  Extractor  
  198  16:53  Drone x2, Extractor  
  198  16:54  Drone  
  194  16:55  Zergling x16  
  194  16:56  Zergling x4  
  194  16:59  Zergling x10  
  189  17:02  Zergling x8  
  189  17:08  Zergling x4  
  189  17:12  Zergling x10  
  189  17:15  Hydralisk x3  
  193  17:19  Zergling x8  
  193  17:22  Zergling x4  
  195  17:23  Zergling x10  
  195  17:28  Baneling x20  
  195  17:29  Baneling x6  
  200  17:30  Baneling x2  
  200  17:36  Hatchery, Greater Spire  
  199  17:37  Zergling x2, Zerg Flyer Weapons Level 1  
  199  17:42  Zergling x4  
  199  17:43  Zergling x12  
  199  17:51  Zergling x4  
  199  17:57  Extractor  
  198  18:00  Zergling x4  
  198  18:05  Baneling x12  
  200  18:09  Hatchery  
  186  18:13  Corruptor x10  
  186  18:15  Zergling x8  
  186  18:16  Zergling x2  
  199  18:23  Zergling x10  
  199  18:24  Zergling x6  
  197  18:28  Zergling x8  
  186  18:37  Zergling x18  
  186  18:38  Zergling x26  
  199  18:47  Zergling x8  
  199  18:58  Zergling x2  
  199  19:02  Nydus Canal  
  199  19:08  Baneling x16  
  199  19:09  Baneling x3  
  199  19:11  Zerg Flyer Armor Level 1  
  199  19:17  Zergling x2  
  189  19:32  Zergling x16  
  189  19:34  Zergling x24  
  189  19:35  Zergling x22  
  196  19:40  Hydralisk x2  
  196  19:42  Zergling x2  
  196  19:44  Zergling x2  
  196  19:45  Zergling x10  
  199  19:47  Zergling x16  
  199  19:52  Baneling  
  199  19:53  Baneling x10  
  199  19:54  Baneling x2  
  199  19:58  Zergling x2  
  199  19:59  Zergling x12  
  199  20:10  Drone x2  
  200  20:14  Baneling x6, Zerg Flyer Weapons Level 2  
  200  20:15  Baneling x2  
  200  20:18  Nydus Canal  
  200  20:24  Zergling x2  
  200  20:25  Zergling x4  
  200  20:27  Drone x2  
  200  20:28  Drone x2  
  192  20:34  Zergling x2  
  192  20:35  Zergling x38  
  169  20:38  Zergling x6  
  169  20:40  Drone x5  
  159  20:45  Zergling x6  
  159  20:47  Overseer, Corruptor x4  
  163  20:52  Corruptor x4  
  163  20:55  Drone x2  
  163  20:57  Drone x2  
  144  20:58  Drone  
  144  21:00  Drone x3  
  144  21:01  Drone  
  144  21:03  Drone  
  145  21:08  Infestor x3  
  145  21:11  Drone x3  
  151  21:15  Drone x3  
  151  21:16  Hatchery  
  154  21:20  Zergling x10  
  158  21:26  Drone x4  
  158  21:28  Corruptor  
  158  21:29  Corruptor  
  158  21:30  Viper  
  169  21:33  Infestor x3  
  169  21:35  Baneling  
  169  21:36  Baneling  
  174  21:48  Infestor x2  
  174  21:49  Overseer x2  
  174  21:51  Brood Lord x8  
  191  21:56  Brood Lord, Corruptor  
  191  21:57  Corruptor x2  
  198  22:03  Drone x2  
  198  22:08  Corruptor  
  197  22:12  Hatchery  
  193  22:18  Brood Lord  
  193  22:22  Drone x2  
  191  22:23  Drone x3  
  191  22:25  Drone  
  191  22:28  Drone  
  196  22:31  Drone  
  195  22:38  Drone x6  
  195  22:41  Drone  
  199  22:47  Zerg Flyer Armor Level 2  
  198  22:59  Corruptor  
  200  23:09  Corruptor  
  200  23:10  Corruptor  
  198  23:20  Overseer  
  198  23:23  Corruptor  
  198  23:29  Corruptor  
  200  23:36  Overlord x2  
  196  23:44  Overseer  
  193  23:52  Baneling x3  
  184  23:55  Zergling x4  
  184  23:56  Zergling x16  
  186  24:05  Hatchery, Brood Lord x4  
  193  24:15  Corruptor  
  187  24:17  Zergling x4  
  187  24:18  Lurker  
  187  24:19  Hydralisk  
  187  24:20  Overlord  
  187  24:21  Baneling x2  
  187  24:27  Zergling x14  
  192  24:35  Hydralisk x2  
  193  24:39  Lurker  
  193  24:45  Zergling x6  
  196  24:50  Zergling x2  
  196  24:51  Zergling x6  
  178  25:00  Zergling x12  
  178  25:03  Zergling x2  
  178  25:04  Zergling x2  
  172  25:12  Zergling x2  
  172  25:13  Zergling x8  
  168  25:16  Zergling x2  
  168  25:21  Hydralisk, Zergling x2  
  161  25:24  Zergling x2  
  161  25:25  Zergling x2  
  161  25:27  Zergling x2  
  161  25:28  Zergling x2  
  158  25:31  Infestor x8  
  158  25:34  Corruptor  
  156  25:38  Baneling  
  156  25:39  Baneling  
  153  25:44  Zergling x6  
  153  25:48  Zergling x4  
  143  26:08  Corruptor x3  
  141  26:13  Zergling x6  
  141  26:15  Overseer  
  141  26:18  Zergling x2  
  135  26:19  Zergling x2  
  135  26:23  Zergling x2  
  135  26:24  Zergling x2  
  125  26:26  Zergling x2  
Show
View Real Time Build Order
Export as new Build Order

Spirit Terran - Winner!

Build Orders: Reaper Expand 

Get SALT Encoding   

  12  0:01  SCV  
  13  0:13  SCV  
  14  0:17  Supply Depot  
  14  0:25  SCV  
  15  0:38  SCV  
  15  0:39  Barracks  
  16  0:44  Refinery  
  16  0:50  SCV  
  17  1:02  SCV  
  18  1:15  SCV  
  19  1:27  Reaper, Orbital Command  
  20  1:39  Command Center  
  20  1:48  Supply Depot  
  20  1:52  SCV  
  21  1:59  Marine  
  22  2:04  SCV  
  23  2:08  Factory  
  23  2:16  SCV  
  23  2:21  Barracks Reactor  
  24  2:28  SCV  
  25  2:42  SCV  
  25  2:43  Command Center  
  26  2:56  Orbital Command  
  26  2:57  SCV  
  27  3:01  Hellion  
  27  3:02  Hellion  
  31  3:07  Barracks Tech Lab  
  31  3:09  SCV  
  32  3:21  SCV  
  32  3:22  SCV  
  32  3:23  Hellion x2  
  32  3:26  Stimpack  
  38  3:27  Marine  
  38  3:33  SCV  
  38  3:34  SCV  
  41  3:45  SCV  
  41  3:46  SCV  
  43  3:49  Barracks x2  
  43  3:52  Factory Reactor  
  43  3:54  Orbital Command  
  43  3:57  SCV, Refinery  
  43  3:58  SCV  
  45  4:07  Starport  
  45  4:09  SCV  
  46  4:10  SCV  
  46  4:16  Marine  
  48  4:19  Refinery  
  48  4:20  Refinery  
  48  4:21  SCV  
  48  4:22  SCV x2  
  48  4:23  Supply Depot  
  51  4:33  SCV, Marine  
  51  4:34  SCV  
  51  4:38  Supply Depot, Orbital Command  
  55  4:39  Factory Tech Lab, Marine x2  
  55  4:44  Starport Reactor  
  56  4:45  SCV  
  56  4:46  SCV, Marine  
  56  4:49  Marine  
  56  4:50  Supply Depot  
  56  4:51  Marine  
  56  4:52  Bunker  
  61  4:57  Marine x2  
  61  4:58  SCV x2  
  61  4:59  Siege Tank  
  68  5:05  Supply Depot  
  68  5:06  Combat Shield  
  68  5:10  SCV x3  
  68  5:12  Marine  
  71  5:21  Marine  
  72  5:22  SCV  
  72  5:23  SCV x2  
  72  5:24  Marine  
  76  5:29  Supply Depot  
  76  5:31  Engineering Bay, Siege Tank  
  76  5:34  SCV  
  76  5:35  SCV x2  
  82  5:36  Engineering Bay  
  82  5:38  Medivac  
  82  5:39  Medivac  
  82  5:40  Marine  
  87  5:43  Marine x2  
  87  5:44  Marine  
  87  5:46  SCV, Marine  
  87  5:47  SCV  
  93  5:51  SCV  
  94  5:58  SCV, Marine  
  94  5:59  Supply Depot, SCV  
  94  6:01  Marine  
  94  6:03  Marine x2, SCV, Terran Infantry Weapons Level 1, Terran Infantry Armor Level 1  
  101  6:04  Supply Depot  
  101  6:20  Supply Depot, SCV x2, Marine x3, Siege Tank  
  101  6:22  Supply Depot  
  109  6:25  Marine x2  
  109  6:26  SCV, Medivac x2  
  109  6:32  SCV  
  117  6:36  Barracks x2  
  117  6:37  SCV  
  117  6:41  Marine  
  117  6:42  SCV  
  117  6:45  Supply Depot, Marine x4  
  123  6:48  Supply Depot, SCV  
  123  6:49  SCV  
  124  6:55  Liberator  
  124  6:59  Marine  
  120  7:03  Marine x3  
  120  7:06  Command Center  
  120  7:07  Refinery, Armory  
  123  7:08  Refinery  
  123  7:11  Liberator  
  123  7:14  SCV, Marine  
  123  7:15  Supply Depot  
  128  7:18  Siege Tank  
  128  7:19  Marine  
  128  7:20  Supply Depot, Marine  
  128  7:21  SCV, Marine x2  
  128  7:22  SCV  
  137  7:27  Barracks Reactor x2  
  137  7:29  SCV  
  138  7:34  SCV, Marine  
  140  7:39  Marine  
  135  7:49  Marine x3  
  135  7:51  SCV  
  138  7:52  Marine, Factory  
  138  7:56  Medivac x2  
  138  7:57  Marine  
  144  8:00  Terran Infantry Weapons Level 2  
  144  8:03  SCV  
  145  8:06  Terran Infantry Armor Level 2  
  145  8:07  Marine x3  
  145  8:09  Marine x3  
  145  8:10  Marine  
  152  8:16  Marine  
  152  8:19  SCV  
  154  8:26  Command Center  
  147  8:28  Marine, Siege Tank  
  147  8:30  SCV  
  152  8:34  Barracks  
  152  8:36  Barracks x2  
  152  8:38  Factory Tech Lab  
  148  8:42  Marine  
  148  8:43  Medivac x2  
  148  8:44  SCV  
  151  8:52  Planetary Fortress, Marine x3  
  151  8:54  SCV  
  151  8:55  Refinery  
  151  8:56  Refinery  
  151  8:59  Marine  
  151  9:01  Siege Tank  
  153  9:10  SCV  
  153  9:11  SCV  
  153  9:13  Medivac x2  
  159  9:27  Siege Tank  
  159  9:28  Marine, Sensor Tower  
  159  9:29  Barracks Tech Lab  
  159  9:30  Barracks Tech Lab x2, Marine, Sensor Tower  
  165  9:33  Siege Tank  
  168  9:39  Terran Vehicle Weapons Level 1  
  168  9:41  Ghost Academy  
  167  9:48  Marine x3  
  167  9:49  Marauder x4  
  167  9:50  Marine x2  
  167  9:51  Concussive Shells  
  178  9:54  Viking  
  178  9:59  Siege Tank  
  183  10:02  Command Center  
  183  10:05  Siege Tank  
  183  10:06  Command Center  
  186  10:12  Sensor Tower  
  186  10:13  Marauder x3  
  193  10:14  Marauder  
  193  10:21  Planetary Fortress  
  193  10:34  Marauder  
  195  10:39  Refinery, Sensor Tower  
  195  10:42  Marine  
  195  10:43  Marauder x2  
  195  10:45  Marauder  
  195  10:46  Siege Tank, Command Center  
  195  10:47  Supply Depot  
  195  10:49  Siege Tank  
  195  10:54  Refinery  
  195  11:06  Ghost x2  
  195  11:08  Ghost, Terran Infantry Weapons Level 3  
  195  11:18  Siege Tank  
  195  11:22  Siege Tank  
  191  11:28  Bunker  
  190  11:34  Ghost  
  190  11:39  Missile Turret  
  192  11:40  Missile Turret, Terran Vehicle Weapons Level 2  
  192  11:50  Missile Turret x2, Ghost x2  
  192  11:53  Orbital Command x2  
  196  11:55  Command Center  
  196  12:02  Missile Turret  
  196  12:05  Missile Turret  
  196  12:06  Siege Tank  
  196  12:08  Marauder  
  194  12:11  Marauder  
  194  12:17  Siege Tank  
  194  12:20  Marauder  
  193  12:22  Marauder  
  193  12:24  Liberator x2  
  193  12:25  Missile Turret  
  199  12:32  Orbital Command  
  196  12:38  Siege Tank, Command Center  
  196  12:40  Ghost  
  196  12:43  Personal Cloaking  
  197  12:49  Siege Tank  
  197  12:50  Marine, Marauder  
  200  12:59  Ghost Academy  
  200  13:00  Terran Infantry Armor Level 3  
  200  13:01  Ghost  
  200  13:02  Fusion Core  
  192  13:07  Medivac, Liberator  
  192  13:12  Ghost, Marauder  
  200  13:31  Command Center  
  195  13:34  Command Center  
  192  13:44  Ghost  
  194  13:49  Marine, Marauder  
  194  13:50  Advanced Ballistics  
  194  13:54  Nuke  
  194  13:57  Starport  
  194  13:58  Starport  
  194  14:09  Nuke  
  194  14:11  Terran Vehicle Weapons Level 3  
  194  14:12  Armory  
  194  14:22  Command Center  
  191  14:26  Command Center  
  178  14:39  Marine  
  178  14:42  Marine, Siege Tank  
  178  14:43  Marauder x2  
  179  14:48  Starport Reactor  
  179  14:49  Starport Reactor  
  175  15:11  Planetary Fortress  
  175  15:14  Orbital Command x2  
  174  15:16  Command Center x2  
  174  15:17  Marine, Marauder  
  174  15:18  Liberator, Marauder x3, Orbital Command  
  186  15:31  Neosteel Armor  
  186  15:32  Nuke  
  186  15:35  Marine x4  
  178  15:38  Ghost, Marine  
  178  15:39  Marauder  
  176  15:43  Barracks  
  176  15:48  Command Center  
  176  15:49  Marine, Marauder  
  179  15:56  Marine x5  
  182  16:11  Siege Tank  
  185  16:12  Marine  
  185  16:15  Enhanced Shockwaves  
  174  16:24  Marauder, Marine, Siege Tank  
  160  16:31  Nuke  
  160  16:34  Terran Ship Weapons Level 1  
  160  16:44  Siege Tank  
  160  16:45  Ghost  
  163  16:47  Liberator  
  163  16:48  Sensor Tower, Marine x3, Liberator x5  
  163  16:49  Marine x3, Marauder x3  
  163  16:52  Missile Turret, Marine  
  163  16:53  Sensor Tower  
  194  16:59  Siege Tank  
  194  17:01  Orbital Command  
  183  17:04  Marine  
  183  17:06  Marine x3  
  184  17:10  Marine x2, Marauder  
  184  17:11  Hi-Sec Auto Tracking  
  184  17:22  Marine x6  
  189  17:24  Marine x2  
  192  17:34  Nuke  
  199  17:45  Planetary Fortress  
  199  17:49  Planetary Fortress, Sensor Tower  
  199  17:53  Ghost x4  
  196  18:00  Factory  
  195  18:08  Refinery  
  195  18:20  Medivac  
  195  18:21  Ghost  
  192  18:28  Medivac x2  
  192  18:29  Terran Vehicle And Ship Armor Level 1  
  187  18:37  Orbital Command  
  187  18:38  Marine, Siege Tank  
  187  18:39  Marine x9, Medivac, Marauder  
  175  18:41  Medivac  
  175  18:48  Medivac  
  171  18:50  Ghost, Medivac, Siege Tank  
  171  18:53  Planetary Fortress  
  171  18:54  Refinery  
  178  18:56  Marine  
  178  18:58  Marauder  
  178  18:59  Medivac  
  178  19:02  Medivac  
  185  19:10  Refinery, Marine  
  185  19:11  Refinery  
  185  19:15  Sensor Tower  
  186  19:18  Marine  
  186  19:19  Marauder  
  189  19:25  Ghost x3  
  189  19:26  Marine  
  194  19:37  Siege Tank  
  177  19:39  Ghost  
  177  19:41  Marine  
  177  19:49  Liberator  
  177  19:51  Marine  
  181  19:53  Ghost  
  181  19:54  Marauder x2  
  181  19:58  Marine  
  186  20:02  Marine  
  187  20:08  Marine  
  187  20:09  Marauder  
  187  20:10  Command Center  
  187  20:13  Nuke  
  190  20:16  Marauder x2  
  194  20:23  Marauder  
  196  20:30  Marauder  
  196  20:34  Siege Tank  
  182  20:36  Marine  
  182  20:37  Marauder x2  
  182  20:39  Marine  
  182  20:42  Marine  
  189  20:43  Ghost  
  189  20:44  Marine  
  189  20:45  Planetary Fortress  
  189  20:47  SCV  
  193  20:51  Marauder  
  191  20:58  Marauder  
  195  21:06  SCV  
  195  21:08  Viking x3  
  198  21:23  Marauder  
  198  21:25  Sensor Tower  
  197  21:26  Orbital Command  
  197  21:27  Command Center x2  
  197  21:30  Missile Turret  
  197  21:34  Missile Turret  
  197  21:40  Viking  
  197  21:43  Orbital Command  
  197  21:45  Command Center  
  185  22:17  Thor x2, Factory Tech Lab  
  197  22:29  Missile Turret  
  197  22:30  Sensor Tower  
  197  22:32  Missile Turret  
  197  22:34  Missile Turret  
  197  22:41  Orbital Command  
  194  22:44  Thor  
  194  22:45  Terran Vehicle And Ship Armor Level 2  
  194  22:46  Terran Ship Weapons Level 2  
  200  22:53  Refinery  
  200  22:54  Refinery  
  200  22:55  Sensor Tower  
  198  23:07  Viking  
  186  23:20  Viking  
  186  23:24  Ghost x2  
  186  23:26  Liberator x3  
  196  23:28  Ghost x2  
  197  23:38  Thor  
  196  23:50  Medivac  
  193  23:56  Ghost x2  
  193  24:02  Ghost  
  182  24:18  Ghost  
  182  24:24  Ghost  
  182  24:28  Ghost  
  168  25:04  Ghost x3  
  155  25:09  Thor  
  155  25:14  Marauder  
  153  25:16  Marine  
  153  25:17  Marine  
  153  25:18  Marine x5  
  144  25:31  Planetary Fortress  
  144  25:34  Marauder  
  140  25:36  Nuke  
  140  25:37  Nuke  
  140  25:38  Ghost  
  142  25:50  Marine x6, Marauder x2  
  142  25:55  Marauder  
  137  26:07  Marauder  
  137  26:11  Ghost, Marauder  
  121  26:13  Marine x8  
  121  26:16  Ghost  

Tags
 
Add a new tag
Caveats
  • Supply blocks, unpowered buildings, or Contaminate may cause inaccurate times.
  • Supply counts are checked every 10 seconds.